AoeStats
← lbaquino21

Arena

509991333Analyzed
1v1 RM · 2d ago on Sep 28, 2026· 39m 47s· 2 players
Game mode
Random Map
Map size
Tiny (2 player)
Population
200
Speed
Normal
Resources
Standard
Victory
Conquest
Starting age
Dark Age
Ending age
Imperial Age
RankedLock teamsTeams togetherTeam positionsShared explorationLock speedFull tech treeHidden civsTurbo modeCheats
Victory
Defeat
🇲🇽 Khmer · Mexico
582
+14
🇧🇷 Varangians · Brazil
542
-18
lbaquino21
9:06 Loom
11:25 Feudal Age
12:02 Horse Collar
12:09 Double-Bit Axe
16:38 Wheelbarrow
15:55 Town Watch
20:52 Castle Age
19:20 Scale Barding Armor
19:17 Scale Mail Armor
22:23 Hand Cart
22:36 Chain Barding Armor
22:32 Chain Mail Armor
24:19 Heavy Plow
24:40 Stone Mining
25:03 Bow Saw
34:01 Imperial Age
31:57 Vendel Legacy
36:24 Conscription
37:51 Plate Barding Armor
37:18 Padded Archer Armor
37:30 Forging
39:00 Gold Mining
39:46 Stone Shaft Mining
40:15 Two-Man Saw
39:51 Crop Rotation
angelsb94
3:00 Loom
9:57 Feudal Age
11:19 Double-Bit Axe
18:36 Castle Age
17:34 Forging
19:05 Wheelbarrow
18:28 Stone Mining
18:22 Horse Collar
23:06 Gold Mining
26:49 Bow Saw
31:48 Imperial Age
30:15 Light Cavalry
30:56 Husbandry
31:07 Bloodlines
32:14 Gold Shaft Mining
32:14 Hussar
33:45 Ballistics
34:18 Double Crossbow
34:45 Hand Cart
34:27 Town Watch
36:00 Town Patrol
38:23 Chemistry
Connection lost

Rejoining the realm…

Still unreachable

The connection could not be restored.

Session expired

The server has moved on; the page needs a fresh start.